 Dungeon Crawl Stone Soup version 0.21-a0-241-g2cbab09 (webtiles) character file.

54284 tidbits the Martial Artist (level 14, -2/116 HPs)
             Began as a Demigod Transmuter on Sept 3, 2017.
             Shot with an arrow by a deep elf archer (25 damage)
             ... on level 2 of the Elven Halls.
             The game lasted 01:52:27 (10652 turns).

tidbits the Martial Artist (Demigod Transmuter)    Turns: 10652, Time: 01:52:28

Health: -2/116     AC:  7    Str: 13    XL:     14   Next: 1%
Magic:  22/31      EV: 23    Int: 25    God:
Gold:   223        SH:  0    Dex: 16    Spells: 1/30 levels left

rFire    . . .     SeeInvis +     - Unarmed
rCold    . . .     Gourm    .   (shield currently unavailable)
rNeg     . . .     Faith    .   B - +0 troll leather armour
rPois    .         Spirit   .   E - +0 hat {SInv}
rElec    .         Reflect  .   (no cloak)
rCorr    .         Harm     .   (gloves currently unavailable)
MR       ++...                  F - +2 pair of boots {Fly}
Stlth    ++........             b - amulet of rage
HPRegen  1.69/turn              H - ring of protection from magic
MPRegen  0.22/turn              V - +5 ring of evasion

@: lethally poisoned (-2 -> -2), blade hands, berserk cooldown, regenerating,
slowed, very slow
A: horns 1, talons 1, camouflage 1, high mp 1
a: End Transformation, Evoke Berserk Rage, Evoke Flight


You were on level 2 of the Elven Halls.
You were very hungry.
You had blades for hands.
You visited 4 branches of the dungeon, and saw 18 of its levels.
You visited 1 bazaar.

You collected 1843 gold pieces.
You spent 1620 gold pieces at shops.

Inventory:

Hand Weapons
 a - a +1 dagger of electrocution
   (You took it off a goblin on level 2 of the Dungeon)
 g - a +0 blowgun
Missiles
 l - 53 arrows
 C - 43 tomahawks
 L - 2 throwing nets {!f}
 Y - 66 stones (quivered)
Armour
 B - a +0 troll leather armour (worn)
 E - a +0 hat of see invisible (worn)
   (You took it off Gastronok on level 1 of the Orcish Mines)
 F - a +2 pair of boots of flying (worn)
   (You bought it in a shop on level 6 of the Dungeon)
 G - a +2 pair of gloves (melded)
 I - a +2 shield
Magical Staves
 T - an uncursed staff of death {unknown}
   (You found it on level 2 of the Elven Halls)
Jewellery
 b - an amulet of rage (around neck)
   (You took it off an orc on level 4 of the Dungeon)
 n - an uncursed ring of protection from cold
   (You found it on level 1 of the Dungeon)
 H - a ring of protection from magic (left scythe-like blade)
   (You found it on level 12 of the Dungeon)
 V - a +5 ring of evasion (right scythe-like blade)
   (You bought it in a shop in a bazaar)
Wands
 d - a wand of digging (7/24)
 s - a wand of confusion (29/48)
 u - a wand of iceblast (14/15)
 y - a wand of iceblast (7/15)
 J - a wand of flame (10/48)
 O - a wand of iceblast (2/15)
 P - a wand of clouds (7/9)
Scrolls
 c - 2 scrolls of recharging
 h - 4 scrolls of teleportation
 q - 2 scrolls of magic mapping
 x - a scroll of immolation
 A - a scroll of holy word
 D - 4 scrolls of fog
 K - 3 scrolls of vulnerability
 Q - 3 scrolls of remove curse
 S - a scroll of brand weapon {unknown}
Potions
 e - a potion of brilliance
 j - 2 potions of invisibility
 m - a potion of lignification
 o - 2 potions of agility
 p - 2 potions of flight
 v - 3 potions of resistance
 w - 3 potions of cancellation
 M - 4 potions of curing
 R - a potion of berserk rage
 U - a potion of ambrosia
 X - a potion of haste
Books
 i - a book of Transfigurations
   (You found it on level 13 of the Dungeon)

   Spells                             Type                      Level
   a - Irradiate                      Conjuration/Transmutation    5
   b - Statue Form                    Transmutation/Earth          6
   c - Hydra Form                     Transmutation                6
   d - Dragon Form                    Transmutation                7
 k - a book of the Sky
   (You found it on level 2 of the Elven Halls)

   Spells                             Type                      Level
   a - Summon Lightning Spire         Summoning/Air                4
   b - Silence                        Hexes/Air                    5
   c - Deflect Missiles               Charms/Air                   6
   d - Conjure Ball Lightning         Conjuration/Air              6
   e - Tornado                        Air                          9
 r - a book of Enchantments
   (You found it on level 1 of the Elven Halls)

   Spells                             Type                      Level
   a - Cause Fear                     Hexes                        4
   b - Yara's Violent Unravelling     Hexes/Transmutation          5
   c - Silence                        Hexes/Air                    5
   d - Deflect Missiles               Charms/Air                   6
   e - Discord                        Hexes                        8
 Z - a book of Necromancy
   (You bought it in a shop on level 2 of the Orcish Mines)

   Spells                             Type                      Level
   a - Pain                           Necromancy                   1
   b - Animate Skeleton               Necromancy                   1
   c - Vampiric Draining              Necromancy                   3
   d - Regeneration                   Charms/Necromancy            3
   e - Animate Dead                   Necromancy                   4
   f - Control Undead                 Necromancy                   4
Miscellaneous
 t - a lightning rod (4/4)
Comestibles
 f - 8 meat rations
 N - 11 bread rations


   Skills:
 + Level 8.4 Fighting
 + Level 8.8 Dodging
 * Level 12.3 Unarmed Combat
 + Level 8.9 Spellcasting
 - Level 3.0 Conjurations
 - Level 3.1 Charms
 - Level 3.0 Necromancy
 + Level 11.6 Transmutations
 - Level 3.3 Evocations


You had one spell level left.
You knew the following spells:

 Your Spells              Type           Power        Failure   Level  Hunger
h - Blade Hands           Tmut           ######....   19%         5    ####...
i - Ice Form              Ice/Tmut       #####...     36%         4    ##.....
k - Sticks to Snakes      Tmut           ######..     7%          2    None
n - Animate Skeleton      Necr           N/A          21%         1    None
p - Spider Form           Tmut/Pois      #####.....   21%         3    None
r - Regeneration          Chrm/Necr      ####......   36%         3    None
y - Hydra Form            Tmut           ######....   43%         6    ######.
R - Irradiate             Conj/Tmut      #####.....   45%         5    ####...


Dungeon Overview and Level Annotations

Branches:
Dungeon (13/15)            Temple (0/1) D:7            Lair (1/6) D:9
    Orc (2/2) D:12            Elf (2/3) Orc:2
 Vaults: D:13-14

Shops:
D:6 [   D:7 *   D:8 [*(   Orc:1 **   Orc:2 *:([   Elf:2 !(%=%::

Annotations:
D:4 Menkaure
Elf:2 Asterion


Innate Abilities, Weirdness & Mutations

You have an increased reservoir of magic. (+10% MP)
You have a pair of small horns on your head.
You have sharp toenails.
Your skin changes colour to match your surroundings (Stealth+).


Message History

You slice the deep elf demonologist!!
You kill the deep elf demonologist!
The ice devil disappears in a puff of smoke! x2
You feel sick.
Things that are here:
a short sword; a leather armour You shred the deep elf mage!!!
You headbutt the deep elf mage.
You kill the deep elf mage!
You have reached level 14!
You feel sick.
A deep elf archer comes into view. It is wielding a dagger.
You are no longer berserk.
You are exhausted.
You feel yourself slow down.
You feel sick.
Things that are here:
a long sword; a ring mail; an elf corpse You swap places.
Your skin stops crawling.
You feel sick.
The deep elf archer unwields an uncursed short sword.
The deep elf archer wields an uncursed shortbow.
The deep elf archer shoots an arrow.
The arrow hits your adder!!
Your adder dies!
Things that are here:
a short sword; a leather armour You swap places.
You feel sick.
You see here a short sword.
You swap places.
You feel sick.
There is an open door, spattered with blood here.
You feel sick.
The deep elf archer shoots an arrow.
The arrow misses your water moccasin. The arrow closely misses your adder.
The arrow barely misses you.
You feel sick.
Casting: Sticks to Snakes
Confirm with . or Enter, or press ? or * to list all spells.
Your skin crawls.
You feel sick. What are your orders? t - Shout!
Orders for allies: a - Attack new target. r - Retreat! s - Stop attacking. g - Guard the area. f - Follow me.
Anything else - Cancel.
Gang up on whom?
Press: ? - help, Dir - move target cursor, f - deep elf archer
Aim: a deep elf archer, wielding a dagger and wearing a leather armour (repelling missiles) Attack!
You feel sick.
Your water moccasin misses the deep elf archer. x2
Your water moccasin barely misses the deep elf archer.
The deep elf archer unwields an uncursed dagger.
The deep elf archer wields an uncursed shortbow.
The deep elf archer shoots an arrow.
The arrow hits your water moccasin!
You swap places.
You feel sick.
Your water moccasin closely misses the deep elf archer.
The deep elf archer blinks!
Your water moccasin misses the deep elf archer.
The deep elf archer unwields an uncursed shortbow.
The deep elf archer wields an uncursed dagger.
The deep elf archer barely misses you.
Your adder bites the deep elf archer.
The deep elf archer shoots an arrow.
The arrow hits you!
* * * LOW HITPOINT WARNING * * *
You see here 2 arrows.
Unknown command.
You slice the deep elf archer!!
Your headbutt misses the deep elf archer.
The deep elf archer is severely wounded.
Your water moccasin barely misses the deep elf archer.
Your adder bites the deep elf archer but does no damage.
The deep elf archer barely misses you.
Your water moccasin bites the deep elf archer.
You strike the helpless deep elf archer from behind!
You slice the deep elf archer!!
You kill the deep elf archer!
You feel sick.
The deep elf archer shoots an arrow.
The arrow hits you!!
* * * LOW HITPOINT WARNING * * *
You feel much better.
You feel sick.
Your water moccasin bites the deep elf archer.
Your water moccasin misses the deep elf archer.
The deep elf archer shoots an arrow.
The arrow closely misses your water moccasin.
The arrow hits you!!
* * * LOW HITPOINT WARNING * * *
Your water moccasin barely misses the deep elf archer.
Your adder bites the deep elf archer.
The deep elf archer is poisoned.
Your adder poisons the deep elf archer!
Your water moccasin barely misses the deep elf archer.
Your water moccasin closely misses the deep elf archer.
Your adder misses the deep elf archer.
The deep elf archer shoots an arrow.
The arrow hits your water moccasin!!
Your water moccasin dies!
Your water moccasin bites the deep elf archer!
Your adder bites the deep elf archer.
There is an open door, spattered with blood here.
Items here: ( )) [ an uncursed dagger; an uncursed shortbow; 13 arrows; a leather armour
Casting: Regeneration
Confirm with . or Enter, or press ? or * to list all spells.
You create a snake!
You now have 53 arrows.
You feel sick.
Your water moccasin bites the deep elf archer.
The deep elf archer shoots an arrow.
The arrow hits you!!
You die...

#.....+.....∩####....'
#..####...."## #....'
##''## ##..e## ######
##....## ##''# #
#......# ..# #......#
..# #......# ..#
#.....S####..#
#..S...@))(..#
#.e(...#######
#..S..## #....##
##..## ####


You could see a deep elf archer, a friendly water moccasin and 2 friendly
adders.

Vanquished Creatures
  Gastronok (Orc:1)
  An orc warlord (Orc:2)
  A stone giant (Orc:2)
  A deep elf demonologist (Elf:2)
  2 deep elf annihilators (Elf:2)
  The ghost of p0werm0de the Fighter, a novice DgVM (Orc:2)
  2 two-headed ogres
  8 dancing weapons
  An orc high priest (Orc:2)
  4 deep elf knights
  An unseen horror (D:11)
  4 deep elf archers
  A phantasmal warrior (D:12)
  6 orc knights (Orc:2)
  33 deep elf magi
  2 orc sorcerers (Orc:2)
  2 manticores (D:13)
  An ugly thing (D:12)
  An elephant (Lair:1)
  A gargoyle (D:7)
  A black mamba (Lair:1)
  Psyche (D:9)
  A komodo dragon (D:9)
  The ghost of Gorice the Quickloader, a novice GnAM (D:5)
  A spiny frog (Lair:1)
  A freezing wraith (D:10)
  6 trolls
  Prince Ribbit (D:9)
  A meliai zombie (D:12)
  A water elemental (Elf:1)
  A vampire (D:12)
  16 yaks
  A basilisk (D:9)
  A steam dragon (D:9)
  A hungry ghost (D:10)
  7 wargs
  An acid dragon (D:9)
  2 porcupines
  4 sky beasts
  3 ice beasts
  4 phantoms
  A black bear (D:10)
  34 orc warriors
  2 eyes of draining (D:12)
  19 ogres
  4 crocodiles
  2 centaurs
  A big kobold (D:12)
  4 bullfrogs
  A gnoll sergeant (D:12)
  A wyvern skeleton (D:12)
  4 scorpions
  A water moccasin zombie (D:10)
  A wight (D:12)
  16 killer bees
  A howler monkey (D:8)
  4 crimson imps
  A centaur zombie (D:5)
  3 bullfrog zombies
  6 hounds
  3 quasits
  13 orc priests
  A bullfrog skeleton (D:10)
  A jelly (D:10)
  31 orc wizards
  3 iguanas
  4 worker ants
  3 gnolls (D:12)
  7 adders
  2 shadow imps
  An adder skeleton (D:4)
  4 worms
  2 dart slugs
  6 leopard geckos
  77 orcs
  A ball python (D:1)
  7 bats
  4 giant cockroaches
  6 goblins
  6 hobgoblins
  4 jackals (D:7)
  2 quokkas
  4 frilled lizards
  A jackal zombie (D:7)
  8 kobolds
  A quokka skeleton (D:4)
  5 rats
443 creatures vanquished.

Vanquished Creatures (collateral kills)
  2 elephants (Lair:1)
  A yak (D:11)
  A phantom (D:9)
  A killer bee (D:10)
  A quasit (D:10)
  A hound (D:9)
  A hound skeleton (D:6)
  A worker ant zombie (D:6)
  An adder (D:9)
  A shadow imp (D:8)
  An adder skeleton (D:7)
  3 orcs
  A quokka (D:9)
  A jackal skeleton (D:4)
  A leopard gecko skeleton (D:10)
18 creatures vanquished.

Vanquished Creatures (others)
  A deep elf knight (Elf:1)
1 creature vanquished.

Grand Total: 462 creatures vanquished

Notes
Turn   | Place    | Note
-------+----------+-------------------------------------------
     0 | D:1      | tidbits the Demigod Transmuter began the quest for the Orb.
     0 | D:1      | Reached XP level 1. HP: 15/15 MP: 5/5
    58 | D:1      | Reached skill level 2 in Spellcasting
   206 | D:1      | Reached skill level 3 in Unarmed Combat
   206 | D:1      | Reached XP level 2. HP: 11/22 MP: 5/7
   210 | D:1      | Learned a level 2 spell: Sticks to Snakes
   215 | D:2      | Found a bloodstained altar of Trog.
   308 | D:2      | Reached skill level 2 in Transmutations
   465 | D:2      | Found a sparkling altar of Nemelex Xobeh.
   586 | D:2      | Reached XP level 3. HP: 11/27 MP: 5/8
   592 | D:2      | Learned a level 3 spell: Spider Form
   701 | D:2      | Reached skill level 3 in Transmutations
   932 | D:3      | Gained mutation: Scrolls take you a little longer to read. [potion of mutation]
   932 | D:3      | Gained mutation: Your natural rate of healing is unusually fast. [potion of mutation]
   932 | D:3      | HP: 1/27 [something (5)]
   946 | D:2      | Lost mutation: Scrolls take you a little longer to read. [potion of mutation]
   946 | D:2      | Lost mutation: Your natural rate of healing is unusually fast. [potion of mutation]
   946 | D:2      | Gained mutation: Your skin changes colour to match your surroundings (Stealth+). [potion of mutation]
   946 | D:2      | Gained mutation: You are agile. (Dex +2) [potion of mutation]
   947 | D:2      | Lost mutation: You are agile. (Dex +2) [potion of mutation]
   947 | D:2      | Gained mutation: You have sharp toenails. [potion of mutation]
   947 | D:2      | Gained mutation: You have a pair of small horns on your head. [potion of mutation]
  1132 | D:3      | Reached XP level 4. HP: 20/34 MP: 5/9
  1164 | D:4      | Noticed Menkaure
  1550 | D:4      | Reached skill level 4 in Unarmed Combat
  1558 | D:4      | Reached XP level 5. HP: 17/39 MP: 3/10
  1671 | D:4      | HP: 3/39 [hound (2)]
  1689 | D:5      | Entered Level 5 of the Dungeon
  1713 | D:5      | Reached skill level 1 in Evocations
  1780 | D:4      | Noticed an ogre
  1789 | D:4      | Killed an ogre
  1789 | D:4      | Reached skill level 2 in Evocations
  1789 | D:4      | Reached XP level 6. HP: 46/46 MP: 2/12
  1834 | D:4      | Reached skill level 3 in Evocations
  1909 | D:4      | Reached skill level 5 in Unarmed Combat
  1945 | D:5      | Noticed Gorice's ghost (novice GnAM)
  1956 | D:5      | Killed Gorice's ghost
  1956 | D:5      | Reached skill level 6 in Unarmed Combat
  1956 | D:5      | Reached XP level 7. HP: 51/51 MP: 5/13
  2090 | D:6      | Reached skill level 7 in Unarmed Combat
  2111 | D:6      | Reached skill level 1 in Fighting
  2218 | D:6      | Reached skill level 2 in Dodging
  2233 | D:7      | Noticed a gargoyle
  2478 | D:7      | Reached skill level 2 in Fighting
  2478 | D:7      | Reached XP level 8. HP: 52/61 MP: 10/14
  2521 | D:7      | Reached skill level 4 in Transmutations
  2535 | D:7      | Learned a level 5 spell: Blade Hands
  2562 | D:7      | Reached skill level 3 in Dodging
  2683 | D:7      | Found an opulent altar of Gozag.
  2788 | D:6      | Found Ynisokot's Antique Armour Shoppe.
  2796 | D:6      | Bought a pair of embroidered boots for 150 gold pieces
  2796 | D:6      | Bought a pair of runed gloves for 150 gold pieces
  2928 | D:7      | Killed a gargoyle
  2928 | D:7      | Reached skill level 3 in Fighting
  2930 | D:7      | Found Avoridwo's General Store.
  2941 | D:7      | Bought a scroll of identify for 20 gold pieces
  3075 | D:7      | Reached skill level 4 in Dodging
  3085 | D:7      | Reached skill level 8 in Unarmed Combat
  3174 | D:7      | Reached skill level 5 in Transmutations
  3187 | D:7      | Found a stormy altar of Qazlal.
  3219 | D:7      | Reached XP level 9. HP: 38/71 MP: 8/15
  3372 | D:7      | Reached skill level 4 in Fighting
  3486 | D:8      | Noticed a hand axe
  3486 | D:8      | Noticed a dagger
  3487 | D:8      | Found a hide-covered altar of Uskayaw.
  3756 | D:9      | Noticed a two-headed ogre
  3845 | D:8      | Found Reitt's Weapon Emporium.
  3900 | D:8      | Reached skill level 5 in Dodging
  3923 | D:8      | Found an ornate altar of the Wu Jian Council.
  4118 | D:8      | Found Veptaara's Assorted Antiques.
  4137 | D:8      | Found a blossoming altar of Fedhas.
  4160 | D:8      | Bought a green potion for 27 gold pieces
  4238 | D:7      | Found a staircase to the Ecumenical Temple.
  4274 | D:8      | Found Veapnouss's Antique Armour Shoppe.
  4302 | D:9      | Noticed Prince Ribbit
  4310 | D:9      | Killed Prince Ribbit
  4310 | D:9      | Reached skill level 6 in Transmutations
  4336 | D:9      | Killed a two-headed ogre
  4336 | D:9      | Reached skill level 5 in Fighting
  4336 | D:9      | Reached skill level 9 in Unarmed Combat
  4428 | D:8      | Noticed a two-headed ogre
  4429 | D:8      | Found a shattered altar of Ashenzari.
  4442 | D:8      | Killed a two-headed ogre
  4442 | D:8      | Reached skill level 6 in Dodging
  4442 | D:8      | Reached XP level 10. HP: 47/81 MP: 7/16
  4660 | D:10     | Entered Level 10 of the Dungeon
  4780 | D:10     | Reached skill level 7 in Transmutations
  4893 | D:10     | Reached skill level 3 in Spellcasting
  5320 | D:11     | Noticed a phantasmal warrior
  5320 | D:11     | Noticed a phantasmal warrior
  5363 | D:10     | Reached skill level 4 in Spellcasting
  5366 | D:10     | Reached skill level 8 in Transmutations
  5583 | D:9      | Noticed Psyche
  5587 | D:9      | Killed Psyche
  5643 | D:9      | Found a staircase to the Lair.
  5665 | Lair:1   | Entered Level 1 of the Lair of Beasts
  5778 | Lair:1   | Reached skill level 5 in Spellcasting
  5797 | Lair:1   | Reached XP level 11. HP: 25/88 MP: 13/22
  5911 | Lair:1   | Reached skill level 9 in Transmutations
  6183 | D:10     | Reached skill level 6 in Spellcasting
  6192 | D:10     | Learned a level 4 spell: Ice Form
  6246 | D:11     | Noticed an unseen horror
  6263 | D:11     | Killed an unseen horror
  6650 | D:12     | Killed a phantasmal warrior
  6699 | D:11     | Noticed an unseen horror
  6836 | D:13     | Learned a level 5 spell: Irradiate
  6917 | D:13     | Reached skill level 1 in Conjurations
  6917 | D:13     | Reached skill level 10 in Transmutations
  7030 | D:13     | Noticed a centaur warrior
  7079 | D:12     | Reached skill level 7 in Spellcasting
  7083 | D:12     | Reached skill level 2 in Conjurations
  7125 | D:12     | Found a staircase to the Orcish Mines.
  7233 | D:12     | Reached skill level 3 in Conjurations
  7428 | Orc:1    | Entered Level 1 of the Orcish Mines
  7428 | Orc:1    | Found Ygra's General Store.
  7432 | Orc:1    | Found Tovar's General Store.
  7435 | Orc:1    | Bought a scroll of identify for 24 gold pieces
  7435 | Orc:1    | Bought a scroll of identify for 24 gold pieces
  7448 | Orc:1    | Bought a scroll of identify for 30 gold pieces
  7571 | Orc:1    | Noticed Gastronok
  7609 | Orc:1    | HP: 6/89 [Gastronok (29)]
  7610 | Orc:1    | Killed Gastronok
  7610 | Orc:1    | Reached skill level 8 in Spellcasting
  7610 | Orc:1    | Reached XP level 12. HP: 6/95 MP: 26/28
  7849 | Orc:1    | Learned a level 6 spell: Hydra Form
  7850 | Orc:2    | Entered Level 2 of the Orcish Mines
  7878 | Orc:2    | Reached skill level 11 in Transmutations
  8138 | Orc:2    | HP: 4/95 [orc knight/halberd (19)]
  8222 | Orc:2    | Noticed a stone giant
  8270 | Orc:2    | Killed a stone giant
  8270 | Orc:2    | Reached skill level 6 in Fighting
  8279 | Orc:2    | Found a staircase to the Elven Halls.
  8298 | Orc:2    | Noticed p0werm0de's ghost (novice DgVM)
  8559 | Orc:2    | Reached skill level 10 in Unarmed Combat
  8664 | Orc:2    | Noticed an orc warlord
  8688 | Orc:2    | Killed an orc warlord
  8688 | Orc:2    | Reached skill level 7 in Dodging
  8755 | Orc:2    | Found a roughly hewn altar of Beogh.
  8930 | Orc:2    | Killed p0werm0de's ghost
  9004 | Orc:2    | Found Nafen's General Store.
  9032 | Orc:2    | Bought a scroll of identify for 20 gold pieces
  9032 | Orc:2    | Bought a potion of degeneration for 10 gold pieces
  9032 | Orc:2    | Bought a scroll of fog for 20 gold pieces
  9043 | Orc:2    | Found Hasuvuic's Antique Weapon Shoppe.
  9060 | Orc:2    | Found Lubboll's Antique Armour Shoppe.
  9076 | Orc:2    | Found Feorrem's Book Shoppe.
  9082 | Orc:2    | Bought a book of Necromancy for 540 gold pieces
  9086 | Orc:2    | Learned a level 3 spell: Regeneration
  9326 | Orc:2    | Reached skill level 1 in Charms
  9326 | Orc:2    | Reached skill level 1 in Necromancy
  9399 | Elf:1    | Entered Level 1 of the Elven Halls
  9415 | Elf:1    | Reached skill level 2 in Charms
  9415 | Elf:1    | Reached skill level 2 in Necromancy
  9428 | Elf:1    | Reached XP level 13. HP: 89/104 MP: 26/30
  9449 | Elf:1    | Found a flickering gateway to a bazaar.
  9462 | Elf:1    | Reached skill level 3 in Charms
  9462 | Elf:1    | Reached skill level 3 in Necromancy
  9470 | Bazaar   | Entered a bazaar
  9485 | Bazaar   | Found Ryf Hol's Food Emporium.
  9500 | Bazaar   | Found Beupn's Jewellery Emporium.
  9515 | Bazaar   | Found Oqom Ost's Assorted Antiques.
  9515 | Bazaar   | Found Zoen Wuich's Gadget Shoppe.
  9577 | Bazaar   | Bought a +5 ring of evasion for 605 gold pieces
  9723 | Elf:1    | Found a radiant altar of Vehumet.
  9746 | Elf:1    | Reached skill level 7 in Fighting
  9798 | Elf:1    | Learned a level 1 spell: Animate Skeleton
  9819 | Elf:2    | Noticed a deep elf annihilator
  9831 | Elf:2    | Reached skill level 11 in Unarmed Combat
  9900 | Elf:1    | Reached skill level 8 in Dodging
 10169 | Elf:1    | Reached skill level 8 in Fighting
 10241 | Elf:2    | Noticed Asterion
 10304 | Elf:2    | Found Uxzyrak's Food Boutique.
 10327 | Elf:2    | Found Oziuxa's Book Shop.
 10372 | Elf:2    | Reached skill level 12 in Unarmed Combat
 10437 | Elf:2    | Found Egunyghe's Book Shoppe.
 10437 | Elf:2    | Found Kaim's Antique Weapon Emporium.
 10438 | Elf:2    | Found Ibypsou's Food Shoppe.
 10480 | Elf:2    | Killed a deep elf annihilator
 10494 | Elf:2    | Found Faej's Jewellery Emporium.
 10520 | Elf:2    | Found Diqyra's Distillery.
 10617 | Elf:2    | Noticed a deep elf annihilator
 10622 | Elf:2    | Noticed a deep elf demonologist
 10629 | Elf:2    | Killed a deep elf annihilator
 10636 | Elf:2    | Killed a deep elf demonologist
 10638 | Elf:2    | Reached XP level 14. HP: 69/116 MP: 23/31
 10652 | Elf:2    | Shot with an arrow by a deep elf archer

Vault maps used:
D:1:      zaba_arrival_water, kennysheep_small_spiral, st_stairs_7,
          minmay_misc_feat_five
D:2:      marbit_many_paths, bloody_trog, minmay_nonomino_d4
D:3:      minmay_wonky_spiral, kennysheep_generic_room_9
D:4:      cheibrodos_pilgrimage, uniq_menkaure
D:5:      black_bear_nest_2, led_xom_imps, first_bread, minmay_misc_feat_tiny,
          kennysheep_generic_room_4
D:6:      serial_shops, shop
D:7:      minmay_flawed_box, grunt_qazlal_clouds, nicolae_gozag_seed_capital,
          temple_hall, serial_shops, shop, grunt_ogre_cave
D:8:      grunt_temple_overflow_growth_and_decay, overflow_temple_1_default,
          dancing_weapons_uskayaw, old_standard_altar, serial_shops,
          shop_fountains, shop, nicolae_shop_waterfront, kennysheep_mini
D:9:      erik_lair_dragon, uniq_prince_ribbit1, uniq_psyche
D:11:     lemuel_ogre_cave
D:12:     kennysheep_orc_monster_closet_entryway
D:13:     minmay_variable_closet, minivault_25_ag, uniq_erolcha, uniq_sonja
Lair:1:   minivault_19, st_stairs_3
Orc:1:    serial_shops, nicolae_shop_waterfront, shop, nooodl_orcs_dogs,
          uniq_gastronok
Orc:2:    grunt_orc_cross
Elf:1:    elf_arrival_001, serial_shops, bzr_entry_lakeside, basic_altar,
          hangedman_elven_crosses_minicolossus
Elf:2:    serial_shops, shop, shop, shop, minmay_shoptagon, uniq_asterion,
          uniq_aizul
Bazaar:   bazaar_long_row

Skill      XL: |  1  2  3  4  5  6  7  8  9 10 11 12 13 |
---------------+----------------------------------------+-----
Spellcasting   | 2 5 8 |  8.9
Unarmed Combat | 3 4 6 7 8 9 10 12 | 12.3
Transmutations | 2 3 5 6 8 10 11 | 11.6
Evocations     | 2 3 |  3.3
Fighting       | 2 3 5 6 8 |  8.4
Dodging        | 2 4 6 7 8 |  8.8
Conjurations   | 3 |  3.0
Charms         | 2 3 |  3.1
Necromancy     | 2 3 |  3.0

Action                   |  1- 3 |  4- 6 |  7- 9 | 10-12 | 13-15 || total
-------------------------+-------+-------+-------+-------+-------++-------
Melee: Unarmed           |    52 |    57 |   277 |   645 |   176 ||  1207
       Headbutt          |     7 |     3 |     6 |    86 |    19 ||   121
       Kick              |     8 |     7 |     8 |       |       ||    23
       Punch             |     2 |     1 |     1 |    22 |     4 ||    30
       Dagger            |    49 |    18 |    31 |    10 |       ||   108
       Hand axe          |    13 |       |       |       |       ||    13
Throw: Stone             |     1 |       |       |       |       ||     1
 Cast: Beastly Appendage |    21 |       |       |       |       ||    21
       Spider Form       |     4 |    11 |    38 |    10 |       ||    63
       Sticks to Snakes  |     3 |     6 |    24 |    38 |     3 ||    74
       Blade Hands       |       |       |       |    58 |    16 ||    74
       Ice Form          |       |       |       |     1 |       ||     1
       Hydra Form        |       |       |       |     4 |       ||     4
       Regeneration      |       |       |       |     1 |    26 ||    27
       Animate Skeleton  |       |       |       |       |     1 ||     1
 Abil: Evoke Berserk Rag |       |     4 |     1 |     9 |     4 ||    18
       End Transformatio |       |       |     1 |     7 |     2 ||    10
       Stop Flying       |       |       |       |     1 |       ||     1
Evoke: Wand              |       |       |     1 |     9 |     1 ||    11
  Use: Scroll            |     4 |     5 |    11 |    15 |     3 ||    38
       Potion            |     4 |     2 |     2 |     3 |     2 ||    13
 Stab: Sleeping          |     3 |     1 |     7 |     4 |     1 ||    16
       Distracted        |       |     2 |     3 |     3 |     2 ||    10
  Eat: Chunk             |     2 |     7 |    16 |    26 |     6 ||    57
       Fruit             |       |       |       |     4 |       ||     4
       Royal jelly       |       |       |       |     2 |       ||     2
Armor: Robe              |    12 |     5 |     6 |    23 |       ||    46
       Skin              |       |     9 |    20 |    18 |     1 ||    48
       Troll leather arm |       |       |       |    63 |    20 ||    83
Dodge: Dodged            |    53 |    51 |   216 |   416 |   101 ||   837

Table legend:
 A = Spawn XP
 B = Non-spawn XP
 C = Spawn XP percentage of total XP
 D = Spawn monster count
 E = Non-spawn monster count
 F = Spawn count percentage of total count
 G = Total turns spent on level
                    A         B        C        D         E        F      G
               +---------+---------+-------+---------+---------+-------+---------
         Total |    2197 |   75352 |   2.8 |      24 |     437 |   5.2 | 10652
               +---------+---------+-------+---------+---------+-------+---------
           D:1 |       3 |      24 |  11.1 |       2 |      12 |  14.3 |   358
           D:2 |      16 |      38 |  29.6 |       2 |      17 |  10.5 |   501
           D:3 |       0 |      76 |   0.0 |       0 |      21 |   0.0 |   675
           D:4 |      70 |     375 |  15.7 |       1 |      15 |   6.2 |   358
           D:5 |       0 |     487 |   0.0 |       0 |       8 |   0.0 |   176
           D:6 |       0 |     504 |   0.0 |       0 |       9 |   0.0 |   436
           D:7 |       2 |    2224 |   0.1 |       1 |      37 |   2.6 |  1075
           D:8 |      38 |    1769 |   2.1 |       2 |      23 |   8.0 |   653
           D:9 |       0 |    3156 |   0.0 |       0 |      22 |   0.0 |   771
          D:10 |     425 |    2502 |  14.5 |       8 |      38 |  17.4 |  1027
          D:11 |       0 |    2663 |   0.0 |       0 |      19 |   0.0 |   247
          D:12 |     341 |    5197 |   6.2 |       2 |      47 |   4.1 |   577
          D:13 |       0 |    1110 |   0.0 |       0 |       4 |   0.0 |   226
        Lair:1 |    1017 |    2519 |  28.8 |       3 |      13 |  18.8 |   348
         Orc:1 |     285 |    4967 |   5.4 |       3 |      31 |   8.8 |   757
         Orc:2 |       0 |   13511 |   0.0 |       0 |      68 |   0.0 |  1214
         Elf:1 |       0 |   20856 |   0.0 |       0 |      34 |   0.0 |   708
         Elf:2 |       0 |   13374 |   0.0 |       0 |      19 |   0.0 |   395
               +---------+---------+-------+---------+---------+-------+---------

Table legend:
 A = Turns spent in this place as a percentage of turns spent in the entire game.
 B = Non-inter-level travel turns spent in this place as a percentage of non-inter-level travel turns spent in the entire game.
 C = Inter-level travel turns spent in this place as a percentage of turns spent in this place.
 D = Turns resting spent in this place as a percentage of non-inter-level travel turns spent in this place.
 E = Turns spent auto-exploring this place as a percentage of non-inter-level travel turns spent in this place.
 F = Non-inter-level travel turns spent in this place divided by the number of levels of this place that you've seen.
                   A       B       C       D       E      F
               +-------+-------+-------+-------+-------+----------------------
         Total | 100.0 | 100.0 |   5.3 |   0.0 |   0.0 | 530.8
       Dungeon |  66.5 |  66.9 |   4.8 |   0.0 |   0.0 | 518.7
          Lair |   3.3 |   3.5 |   0.0 |   0.0 |   0.0 | 348.0
  Orcish Mines |  18.5 |  17.8 |   9.0 |   0.0 |   0.0 | 897.0
   Elven Halls |  10.4 |  10.4 |   4.8 |   0.0 |   0.0 | 525.0
        Bazaar |   1.4 |   1.5 |   0.0 |   0.0 |   0.0 | 150.0
               +-------+-------+-------+-------+-------+----------------------

Table legend:
 A = Kills in this place as a percentage of kills in entire the game.
 B = Kills by you in this place as a percentage of kills by you in the entire game.
 C = Kills by friends in this place as a percentage of kills by friends in the entire game.
 D = Other kills in this place as a percentage of other kills in the entire game.
 E = Experience gained in this place as a percentage of experience gained in the entire game.
 F = Experience gained in this place divided by the number of levels of this place that you have seen.
                   A       B       C       D       E      F
               +-------+-------+-------+-------+-------+----------------------
         Total | 100.0 | 100.0 | 100.0 |   N/A | 100.0 | 4081.5
       Dungeon |  62.9 |  61.9 |  88.9 |   N/A |  27.1 | 1616.9
          Lair |   3.5 |   3.2 |  11.1 |   N/A |   4.6 | 3536.0
  Orcish Mines |  22.1 |  23.0 |   0.0 |   N/A |  24.2 | 9381.5
   Elven Halls |  11.5 |  12.0 |   0.0 |   N/A |  44.1 | 17115.0
               +-------+-------+-------+-------+-------+----------------------

Vault maps used:
D:1:      zaba_arrival_water, kennysheep_small_spiral, st_stairs_7,
          minmay_misc_feat_five
D:2:      marbit_many_paths, bloody_trog, minmay_nonomino_d4
D:3:      minmay_wonky_spiral, kennysheep_generic_room_9
D:4:      cheibrodos_pilgrimage, uniq_menkaure
D:5:      black_bear_nest_2, led_xom_imps, first_bread, minmay_misc_feat_tiny,
          kennysheep_generic_room_4
D:6:      serial_shops, shop
D:7:      minmay_flawed_box, grunt_qazlal_clouds, nicolae_gozag_seed_capital,
          temple_hall, serial_shops, shop, grunt_ogre_cave
D:8:      grunt_temple_overflow_growth_and_decay, overflow_temple_1_default,
          dancing_weapons_uskayaw, old_standard_altar, serial_shops,
          shop_fountains, shop, nicolae_shop_waterfront, kennysheep_mini
D:9:      erik_lair_dragon, uniq_prince_ribbit1, uniq_psyche
D:11:     lemuel_ogre_cave
D:12:     kennysheep_orc_monster_closet_entryway
D:13:     minmay_variable_closet, minivault_25_ag, uniq_erolcha, uniq_sonja
Lair:1:   minivault_19, st_stairs_3
Orc:1:    serial_shops, nicolae_shop_waterfront, shop, nooodl_orcs_dogs,
          uniq_gastronok
Orc:2:    grunt_orc_cross
Elf:1:    elf_arrival_001, serial_shops, bzr_entry_lakeside, basic_altar,
          hangedman_elven_crosses_minicolossus
Elf:2:    serial_shops, shop, shop, shop, minmay_shoptagon, uniq_asterion,
          uniq_aizul
Bazaar:   bazaar_long_row
